APP
DANVILLE BRAVES @ MISSOULA OSPREY
08/11/2045
 
TOP OF THE 1ST
Danville Braves batting - Pitching for Missoula Osprey : RHP Alex Andrade
Pitching: RHP Alex Andrade
Batting: RHB Zach Hulme 0-0: SOLO HOME RUN (Flyball, 7D, EV 96.2 MPH), Distance : 364 ft
Batting: RHB Joe Young 0-0: Called Strike
0-1: Swinging Strike
0-2: Foul Ball, location: 2F
0-2: SINGLE (Line Drive, 9S, EV 88.1 MPH)
Batting: LHB Ryan Murdock 0-0: Ball
Joe Young is caught stealing 2nd base 2-6
1-0: Ball
2-0: Ball
3-0: Base on Balls
Batting: RHB Josh McCormick 0-0: Ball
Wild Pitch!
Ryan Murdock to second
1-0: Ball
2-0: Ball
3-0: Base on Balls
Batting: RHB Armando Moz 0-0: Ball
1-0: Ball
2-0: Ball
3-0: Base on Balls
Ryan Murdock to third
Josh McCormick to second
Batting: RHB Yojiro Hayashi 0-0: Foul Ball, location: 2F
0-1: Swinging Strike
0-2: Ball
1-2: Strikes out swinging
Batting: RHB Terry Hughes 0-0: Called Strike
0-1: Foul Ball, location: 2F
0-2: Foul Ball, location: 2F
0-2: Ball
1-2: Ball
2-2: Foul Ball, location: 2F
2-2: Foul Ball, location: 2F
2-2: Strikes out swinging
Top of the 1st over - 1 run, 2 hits, 0 errors, 3 left on base; Danville 1 - Missoula 0
BOTTOM OF THE 1ST
Missoula Osprey batting - Pitching for Danville Braves : RHP Matt Buxton
Pitching: RHP Matt Buxton
Batting: SHB Roger Holmes 0-0: Ball
1-0: Foul Ball, location: 2F
1-1: Fly out, F4 (Line Drive, 34, EV 82.5 MPH)
Batting: RHB Antonio Luisa 0-0: Foul Ball, location: 2F
0-1: Ball
1-1: Ground out 6-3 (Groundball, 6, EV 86.9 MPH)
Batting: SHB Evan Armagost 0-0: Foul Ball, location: 2F
0-1: Foul Ball, location: 2F
0-2: Foul Ball, location: 2F
0-2: Ball
1-2: Foul Ball, location: 2F
1-2: Ball
2-2: Foul Ball, location: 2F
2-2: Hit by Pitch
Batting: SHB Blaine Peters 0-0: Ball
Evan Armagost steals 2nd base
1-0: Called Strike
1-1: Called Strike
1-2: Strikes out swinging
Bottom of the 1st over - 0 runs, 0 hits, 0 errors, 1 left on base; Danville 1 - Missoula 0
TOP OF THE 2ND
Danville Braves batting - Pitching for Missoula Osprey : RHP Alex Andrade
Batting: RHB Gebre-Giorgios Wangondu 0-0: Ball
1-0: Called Strike
1-1: Foul Ball, location: 2F
1-2: Strikes out swinging
Batting: RHB Gerard Michel 0-0: Ball
1-0: Ball
2-0: Called Strike
2-1: Foul Ball, location: 2F
2-2: SOLO HOME RUN (Flyball, 89XD, EV 103.1 MPH), Distance : 381 ft
Batting: RHB Zach Hulme 0-0: Called Strike
0-1: Called Strike
0-2: Foul Ball, location: 2F
0-2: Foul Ball, location: 2F
0-2: SINGLE (Groundball, 5S, EV 70.0 MPH) (infield hit)
Batting: RHB Joe Young 0-0: Ball
1-0: Ball
2-0: 2-RUN HOME RUN (Flyball, 78XD, EV 100.0 MPH), Distance : 418 ft
Batting: LHB Ryan Murdock 0-0: Ball
1-0: Called Strike
1-1: Ball
2-1: Foul Ball, location: 2F
2-2: Ball
3-2: Base on Balls
Batting: RHB Josh McCormick 0-0: 2-RUN HOME RUN (Line Drive, 78XD, EV 112.5 MPH), Distance : 426 ft
Batting: RHB Armando Moz 0-0: Ball
1-0: Called Strike
1-1: Ball
2-1: SINGLE (Line Drive, 56D, EV 103.1 MPH)
Pitching: LHP Jeff Haight
Batting: RHB Yojiro Hayashi 0-0: Called Strike
0-1: Ball
1-1: Ball
2-1: Foul Ball, location: 2F
2-2: Ball
Wild Pitch!
Armando Moz to second
3-2: Strikes out swinging
Batting: RHB Terry Hughes 0-0: Foul Ball, location: 2F
0-1: Ball
1-1: Called Strike
1-2: Strikes out swinging
Top of the 2nd over - 5 runs, 5 hits, 0 errors, 1 left on base; Danville 6 - Missoula 0
BOTTOM OF THE 2ND
Missoula Osprey batting - Pitching for Danville Braves : RHP Matt Buxton
Batting: RHB Steve Machol 0-0: Ball
1-0: Foul Ball, location: 2F
1-1: Ground out 5-3 (Groundball, 56, EV 105.0 MPH)
Batting: LHB Enrique Ponce 0-0: Ball
1-0: SOLO HOME RUN (Line Drive, 9D, EV 93.8 MPH), Distance : 371 ft
Batting: RHB Ernesto Zamora 0-0: DOUBLE (Groundball, 5L, EV 94.4 MPH)
Batting: SHB Lee Dillon 0-0: Swinging Strike
0-1: Ball
1-1: Ball
2-1: Foul Ball, location: 2F
2-2: Strikes out swinging
Batting: RHB Zach Espinosa 0-0: Called Strike
0-1: Ball
1-1: Ground out 2-3 (Groundball, 2L, EV 65.6 MPH)
Bottom of the 2nd over - 1 run, 2 hits, 0 errors, 1 left on base; Danville 6 - Missoula 1
TOP OF THE 3RD
Danville Braves batting - Pitching for Missoula Osprey : LHP Jeff Haight
Batting: RHB Gebre-Giorgios Wangondu 0-0: Called Strike
0-1: Ball
1-1: Ball
2-1: SINGLE (Groundball, 6M, EV 103.1 MPH) (infield hit)
Batting: RHB Gerard Michel 0-0: Ball
1-0: Called Strike
1-1: Called Strike
1-2: Foul Ball, location: 2F
1-2: Strikes out swinging
Batting: RHB Zach Hulme 0-0: Ball
Gebre-Giorgios Wangondu steals 2nd, throwing error, E2
Gebre-Giorgios Wangondu to third
1-0: Called Strike
1-1: Foul Ball, location: 2F
1-2: Strikes out looking
Batting: RHB Joe Young 0-0: Called Strike
0-1: Ball
1-1: Ball
2-1: Foul Ball, location: 2F
2-2: Fly out, F1 (Line Drive, P, EV 73.1 MPH)
Top of the 3rd over - 0 runs, 1 hit, 1 error, 1 left on base; Danville 6 - Missoula 1
BOTTOM OF THE 3RD
Missoula Osprey batting - Pitching for Danville Braves : RHP Matt Buxton
Batting: SHB Roger Holmes 0-0: Ball
1-0: Ball
2-0: Fly out, F4 (Popup, 4, EV 68.1 MPH)
Batting: RHB Antonio Luisa 0-0: Ground out U3 (Groundball, 34, EV 78.1 MPH)
Batting: SHB Evan Armagost 0-0: Foul Ball, location: 2F
0-1: Called Strike
0-2: Ball
1-2: Foul Ball, location: 2F
1-2: Foul Ball, location: 2F
1-2: Strikes out swinging
Bottom of the 3rd over - 0 runs, 0 hits, 0 errors, 0 left on base; Danville 6 - Missoula 1
TOP OF THE 4TH
Danville Braves batting - Pitching for Missoula Osprey : LHP Jeff Haight
Batting: LHB Ryan Murdock 0-0: Ball
1-0: Called Strike
1-1: Foul Ball, location: 2F
1-2: Ball
2-2: Strikes out looking
Batting: RHB Josh McCormick 0-0: Ball
1-0: Ball
2-0: Ball
3-0: Base on Balls
Pitching: RHP Jeff Whaley
Batting: RHB Armando Moz 0-0: Ball
1-0: 2-RUN HOME RUN (Flyball, 7LD, EV 88.8 MPH), Distance : 329 ft
Batting: RHB Yojiro Hayashi 0-0: Ball
1-0: Ball
2-0: SOLO HOME RUN (Line Drive, 78XD, EV 96.2 MPH), Distance : 387 ft
Batting: RHB Terry Hughes 0-0: Called Strike
0-1: Ground out 4-3 (Groundball, 34, EV 104.4 MPH)
Batting: RHB Gebre-Giorgios Wangondu 0-0: Called Strike
0-1: Called Strike
0-2: SINGLE (Line Drive, 34, EV 100.0 MPH)
Batting: RHB Gerard Michel 0-0: Swinging Strike
0-1: Foul Ball, location: 2F
0-2: Ball
1-2: Ground out 4-3 (Groundball, 34D, EV 83.8 MPH)
Top of the 4th over - 3 runs, 3 hits, 0 errors, 1 left on base; Danville 9 - Missoula 1
BOTTOM OF THE 4TH
Missoula Osprey batting - Pitching for Danville Braves : RHP Matt Buxton
Batting: SHB Blaine Peters 0-0: Swinging Strike
0-1: Ball
1-1: Ground out U3 (Groundball, 34S, EV 78.1 MPH)
Batting: RHB Steve Machol 0-0: Ball
1-0: Foul Ball, location: 2F
1-1: Ball
2-1: Ground out 5-3 (Groundball, 56, EV 85.0 MPH)
Batting: LHB Enrique Ponce 0-0: Foul Ball, location: 2F
0-1: Called Strike
0-2: Ball
1-2: SINGLE (Line Drive, 6MD, EV 97.5 MPH)
Batting: RHB Ernesto Zamora 0-0: Foul Ball, location: 2F
0-1: Ball
Wild Pitch!
Enrique Ponce to second
1-1: SINGLE (Groundball, 6D, EV 97.5 MPH)
Enrique Ponce to third
Runner from 3rd tries for Home, SAFE, throw by LF to home
Batting: SHB Lee Dillon 0-0: Called Strike
0-1: Foul Ball, location: 2F
0-2: Ground out U3 (Groundball, 3L, EV 79.4 MPH)
Bottom of the 4th over - 1 run, 2 hits, 0 errors, 1 left on base; Danville 9 - Missoula 2
TOP OF THE 5TH
Danville Braves batting - Pitching for Missoula Osprey : RHP Jeff Whaley
Batting: RHB Zach Hulme 0-0: Ball
1-0: Swinging Strike
1-1: SINGLE (Groundball, 13S, EV 73.1 MPH) (infield hit)
Batting: RHB Joe Young 0-0: Ball
1-0: Ball
2-0: Fielders Choice at 2nd, 3-6 (Groundball, 34S, EV 80.0 MPH)
Pitching: RHP Jaden Peterson
Batting: LHB Ryan Murdock 0-0: Called Strike
0-1: Ball
1-1: Ball
Balk!
Joe Young to second
2-1: SINGLE (Groundball, 6D, EV 97.5 MPH)
Joe Young to third
Batting: RHB Josh McCormick 0-0: Called Strike
0-1: Foul Ball, location: 2F
0-2: Ball
1-2: Ball
2-2: Foul Ball, location: 2F
2-2: Ball
3-2: Base on Balls
Ryan Murdock to second
Batting: RHB Armando Moz 0-0: Ball
1-0: Foul Ball, location: 2F
1-1: Ball
2-1: Fly out, F9 (Flyball, 9S, EV 87.5 MPH)
Batting: RHB Yojiro Hayashi 0-0: Ball
1-0: Called Strike
1-1: Ball
Wild Pitch!
Joe Young scores
Ryan Murdock to third
Josh McCormick to second
2-1: Ball
3-1: Foul Ball, location: 2F
3-2: SINGLE (Groundball, 56S, EV 69.4 MPH) (infield hit)
Ryan Murdock scores
Josh McCormick to third
Pitching: RHP Alan Muth
Batting: RHB Terry Hughes 0-0: Foul Ball, location: 2F
0-1: Foul Ball, location: 2F
0-2: Ball
1-2: Strikes out swinging
Top of the 5th over - 2 runs, 3 hits, 0 errors, 2 left on base; Danville 11 - Missoula 2
BOTTOM OF THE 5TH
Missoula Osprey batting - Pitching for Danville Braves : RHP Matt Buxton
Batting: RHB Zach Espinosa 0-0: Ball
1-0: Ball
2-0: Swinging Strike
2-1: Ball
3-1: Called Strike
3-2: Strikes out swinging
Pitching: RHP Jeremy Armstrong
Batting: SHB Roger Holmes 0-0: Swinging Strike
0-1: Ball
1-1: Ball
2-1: Foul Ball, location: 2F
2-2: Ball
3-2: Base on Balls
Batting: RHB Antonio Luisa 0-0: Ball
1-0: Called Strike
1-1: Foul Ball, location: 2F
1-2: Foul Ball, location: 2F
1-2: Fielders Choice at 2nd, 4-6 (Groundball, 34, EV 97.5 MPH)
Batting: SHB Evan Armagost 0-0: Ground out U3 (Groundball, 34S, EV 88.1 MPH)
Bottom of the 5th over - 0 runs, 0 hits, 0 errors, 1 left on base; Danville 11 - Missoula 2
TOP OF THE 6TH
Danville Braves batting - Pitching for Missoula Osprey : RHP Alan Muth
Batting: RHB Gebre-Giorgios Wangondu 0-0: Ball
1-0: Ball
2-0: Ball
3-0: Base on Balls
Batting: RHB Gerard Michel 0-0: Ball
1-0: SINGLE (Line Drive, 7S, EV 98.8 MPH)
Gebre-Giorgios Wangondu to second
Batting: RHB Zach Hulme 0-0: Ball
1-0: Called Strike
1-1: Ball
2-1: Foul Ball, location: 2F
2-2: Fielders Choice at 2nd, 3-6 (Groundball, 23, EV 93.8 MPH)
Gebre-Giorgios Wangondu to third
Batting: RHB Joe Young 0-0: SINGLE (Groundball, 23, EV 72.5 MPH) (infield hit)
Zach Hulme to second
Batting: LHB Ryan Murdock 0-0: Called Strike
0-1: Ball
1-1: Ball
2-1: Ball
3-1: Foul Ball, location: 2F
3-2: Foul Ball, location: 2F
3-2: Foul Ball, location: 2F
3-2: Base on Balls
Gebre-Giorgios Wangondu scores
Zach Hulme to third
Joe Young to second
Pitching: RHP Jaylen Hatten
Batting: RHB Josh McCormick 0-0: Ball
1-0: Swinging Strike
1-1: DOUBLE (Line Drive, 78XD, EV 109.4 MPH)
Zach Hulme scores
Joe Young scores
Ryan Murdock to third
Batting: RHB Armando Moz 0-0: Ball
1-0: Ball
2-0: Ball
3-0: Base on Balls
Batting: RHB Yojiro Hayashi 0-0: Called Strike
0-1: Ball
1-1: Swinging Strike
1-2: Ball
2-2: Grounds into fielders choice 1-2 (Groundball, 34S, EV 66.2 MPH)
Josh McCormick to third
Armando Moz to second
Batting: RHB Terry Hughes 0-0: Called Strike
0-1: Swinging Strike
0-2: Foul Ball, location: 2F
0-2: Ball
1-2: Strikes out looking
Top of the 6th over - 3 runs, 3 hits, 0 errors, 3 left on base; Danville 14 - Missoula 2
BOTTOM OF THE 6TH
Missoula Osprey batting - Pitching for Danville Braves : RHP Jeremy Armstrong
Batting: SHB Blaine Peters 0-0: Swinging Strike
0-1: Foul Ball, location: 2F
0-2: Strikes out looking
Batting: RHB Steve Machol 0-0: Called Strike
0-1: Foul Ball, location: 2F
0-2: Ball
1-2: Ball
2-2: Ground out 6-3 (Groundball, 6, EV 85.6 MPH)
Batting: LHB Enrique Ponce 0-0: Swinging Strike
0-1: Ball
1-1: Foul Ball, location: 2F
1-2: Strikes out swinging
Bottom of the 6th over - 0 runs, 0 hits, 0 errors, 0 left on base; Danville 14 - Missoula 2
TOP OF THE 7TH
Danville Braves batting - Pitching for Missoula Osprey : RHP Jaylen Hatten
Batting: RHB Gebre-Giorgios Wangondu 0-0: Foul Ball, location: 2F
0-1: Foul Ball, location: 2F
0-2: Ball
1-2: Ground out 6-3 (Groundball, 56D, EV 81.9 MPH)
Pitching: RHP Matt Bailey
Batting: RHB Gerard Michel 0-0: Ball
1-0: Ball
2-0: Fly out, F7 (Line Drive, 7D, EV 89.4 MPH)
Pinch Hitting: RHB Phil Holman 0-0: Ball
1-0: Foul Ball, location: 2F
1-1: Ball
2-1: Ground out 4-3 (Groundball, 4, EV 87.5 MPH)
Top of the 7th over - 0 runs, 0 hits, 0 errors, 0 left on base; Danville 14 - Missoula 2
BOTTOM OF THE 7TH
Missoula Osprey batting - Pitching for Danville Braves : RHP Jeremy Armstrong
Now at 2B: Phil Holman
Batting: RHB Ernesto Zamora 0-0: Called Strike
0-1: Ball
1-1: Foul Ball, location: 2F
1-2: Ground out 5-3 (Groundball, 56, EV 92.5 MPH)
Batting: SHB Lee Dillon 0-0: Foul Ball, location: 2F
0-1: Ball
1-1: Ball
2-1: Ball
3-1: Ground out 4-3 (Groundball, 4S, EV 81.2 MPH)
Batting: RHB Zach Espinosa 0-0: Ball
1-0: Ball
2-0: Ball
3-0: Called Strike
3-1: Fly out, F8 (Flyball, 8RM, EV 80.0 MPH)
Bottom of the 7th over - 0 runs, 0 hits, 0 errors, 0 left on base; Danville 14 - Missoula 2
TOP OF THE 8TH
Danville Braves batting - Pitching for Missoula Osprey : RHP Matt Bailey
Batting: RHB Joe Young 0-0: Ball
1-0: Called Strike
1-1: Foul Ball, location: 2F
1-2: Fly out, F9 (Flyball, 89D, EV 106.2 MPH)
Batting: LHB Ryan Murdock 0-0: Called Strike
0-1: Ball
1-1: Foul Ball, location: 2F
1-2: Ball
2-2: DOUBLE (Line Drive, 78D, EV 106.9 MPH)
Batting: RHB Josh McCormick 0-0: Called Strike
0-1: Called Strike
0-2: Strikes out swinging
Batting: RHB Armando Moz 0-0: Foul Ball, location: 2F
0-1: Called Strike
0-2: Foul Ball, location: 2F
0-2: Ball
1-2: Strikes out looking
Top of the 8th over - 0 runs, 1 hit, 0 errors, 1 left on base; Danville 14 - Missoula 2
BOTTOM OF THE 8TH
Missoula Osprey batting - Pitching for Danville Braves : RHP Jeremy Armstrong
Batting: SHB Roger Holmes 0-0: Ball
1-0: Called Strike
1-1: SOLO HOME RUN (Flyball, 9LD, EV 95.0 MPH), Distance : 338 ft
Pitching: RHP Jeremy Mash
Batting: RHB Antonio Luisa 0-0: SINGLE (Groundball, 3D, EV 98.1 MPH)
Batting: SHB Evan Armagost 0-0: Called Strike
0-1: Fly out, F7 (Flyball, 7LS, EV 91.9 MPH)
Batting: SHB Blaine Peters 0-0: Ball
1-0: DOUBLE (Line Drive, 9LM, EV 106.9 MPH)
Antonio Luisa to third
Batting: RHB Steve Machol 0-0: Foul Ball, location: 2F
0-1: Foul Ball, location: 2F
0-2: Ball
1-2: Foul Ball, location: 2F
1-2: SINGLE (Line Drive, 4M, EV 97.5 MPH)
Antonio Luisa scores
Blaine Peters to third
Batting: LHB Enrique Ponce 0-0: Ball
1-0: Foul Ball, location: 2F
1-1: Fielders Choice at 2nd, 6-4 (Groundball, 6M, EV 84.4 MPH)
Blaine Peters scores
Batting: RHB Ernesto Zamora 0-0: SINGLE (Line Drive, 7LS, EV 106.9 MPH)
Enrique Ponce to second
Batting: SHB Lee Dillon 0-0: Ball
1-0: Ball
2-0: Fielders Choice at 2nd, U6 (Groundball, 6M, EV 85.0 MPH)
Bottom of the 8th over - 3 runs, 5 hits, 0 errors, 2 left on base; Danville 14 - Missoula 5
TOP OF THE 9TH
Danville Braves batting - Pitching for Missoula Osprey : RHP Matt Bailey
Batting: RHB Yojiro Hayashi 0-0: Ground out U3 (Groundball, 34, EV 104.4 MPH)
Batting: RHB Terry Hughes 0-0: Called Strike
0-1: Ball
1-1: Foul Ball, location: 2F
1-2: Ball
2-2: Ball
3-2: Base on Balls
Batting: RHB Gebre-Giorgios Wangondu 0-0: Ball
1-0: Called Strike
1-1: Swinging Strike
1-2: Ball
2-2: DOUBLE (Flyball, 8RD, EV 105.6 MPH)
Terry Hughes to third
Batting: RHB Gerard Michel 0-0: Called Strike
0-1: Ball
1-1: Fly out, F7 (Flyball, 7S, EV 89.4 MPH)
Batting: RHB Phil Holman 0-0: Foul Ball, location: 2F
0-1: Ball
1-1: Ball
2-1: 3-RUN HOME RUN (Flyball, 7D, EV 90.6 MPH), Distance : 354 ft
Batting: RHB Joe Young 0-0: Foul Ball, location: 2F
0-1: Fly out, F8 (Flyball, 89M, EV 85.6 MPH)
Top of the 9th over - 3 runs, 2 hits, 0 errors, 0 left on base; Danville 17 - Missoula 5
BOTTOM OF THE 9TH
Missoula Osprey batting - Pitching for Danville Braves : RHP Jeremy Mash
Batting: RHB Zach Espinosa 0-0: Ball
1-0: Foul Ball, location: 2F
1-1: Ball
2-1: Foul Ball, location: 2F
2-2: Ball
3-2: Strikes out swinging
Batting: SHB Roger Holmes 0-0: Foul Ball, location: 2F
0-1: SOLO HOME RUN (Line Drive, 89XD, EV 110.6 MPH), Distance : 404 ft
Batting: RHB Antonio Luisa 0-0: Called Strike
0-1: SINGLE (Line Drive, 8LS, EV 87.5 MPH)
Batting: SHB Evan Armagost 0-0: Called Strike
0-1: Ball
1-1: Swinging Strike
1-2: Strikes out swinging
Batting: SHB Blaine Peters 0-0: Called Strike
0-1: Fly out, F3 (Line Drive, 3, EV 72.5 MPH)
Bottom of the 9th over - 1 run, 2 hits, 0 errors, 1 left on base; Danville 17 - Missoula 6
Wednesday, June 22nd , 2022 - OOTP Baseball 23.4 Build 64